cohdb
Replays
Latest Replays
All Replays
Popular Replays
Top Player Replays
Match Explorer
How It Works
Community
CoH3 Stats
Reddit
Sign in to upload your games and track your stats! →
Sign in with Steam
Match 38691313
Unlisted
Match 38691313
Overview
Messages
Build Orders
End
Kradschützen Motorcycle Team
Selects Italian Infantry
Panzergrenadier Squad
250 Light Carrier
Panzergrenadier Squad
Construct Light Support Kompanie
MG34 Team
Fire Support Elements
Selects Guastatori Squad
Flakvierling Half-track
Vehicle Survival Package
Pak 38 Mechanized Group
Construct Panzerarmee Kommand
Selects Registered Artillery
Combat Half-tracks
Panzer III L Medium Tank
Tungsten Core Ammunition
Selects Towed Cannone da 105/28 Field Howitzer
Towed Cannone da 105/28 Field Howitzer
Panzerpioneer Squad
Veteran Squad Leaders
Selects Defensive Operations
Armored Reserves
StuG Assault Group
Emergency Repair Kits
2.5-tonne Medical Truck
Selects Prepared Positions
Guastatori Squad
Selects Propaganda War
2.5-tonne Medical Truck
Tiger Heavy Tank
Panzer III L Medium Tank
Panzerpioneer Squad
Pak 38 Anti-tank Gun Team
Pak 38 Anti-tank Gun Team
Construct Mechanized Kompanie
StuG Assault Group
Pak 38 Anti-tank Gun Team
Registered Artillery
Propaganda War
Panzergrenadier Squad
Propaganda War
8 Rad Armored Car
Dellan Dancing Dirty!
simiver
Teddy West Side 04.13.
ConcernedApe
Wittman
Silverstatic
0
0
Comments
sign in to comment!
No comments posted yet!